 Dungeon Crawl Stone Soup version 0.29-a0-649-g45c230d69a (webtiles) character file.

Game seed: 13629949967919764720

836 Bnni the Poker (level 7, -1/57 HPs)
             Began as a Demonspawn Fighter on June 21, 2022.
             Slain by a gnoll
             ... wielding a +0 spear
              (5 damage)
             ... on level 5 of the Dungeon.
             The game lasted 00:06:56 (4314 turns).

Bnni the Poker (Demonspawn Fighter)                 Turns: 4314, Time: 00:06:56

Health: -1/57      AC: 14    Str: 19    XL:     7   Next: 66%
Magic:  16/16      EV:  9    Int:  9    God:
Gold:   217        SH:  4    Dex: 12    Spells: 6/6 levels left

rFire   . . .      SeeInvis .   d - +7 hunting sling
rCold   . . .      Faith    .   c - +0 buckler
rNeg    . . .      Spirit   .   s - +4 scale mail
rPois   .          Reflect  .   (no helmet)
rElec   .          Harm     .   u - +0 cloak
rCorr   .          Rampage  .   (no gloves)
Will    .....                   i - +0 pair of boots
Stlth   ..........              (no amulet)
HPRegen 0.19/turn               v - ring of magical power
MPRegen 0.15/turn               (no ring)

@: no status effects
A: hooves 2, slimy green scales 1, demonic guardian 1
a: no special abilities


You were on level 5 of the Dungeon.
You visited 1 branch of the dungeon, and saw 5 of its levels.

You collected 313 gold pieces.
You spent 96 gold pieces at shops.

Inventory:

Hand Weapons
 a - a +0 trident
 d - a +7 hunting sling (weapon)
Armour
 c - a +0 buckler (worn)
 i - a +0 pair of boots (worn)
 s - a +4 scale mail (worn)
 u - a +0 cloak (worn)
Jewellery
 v - a ring of magical power (left hand)
Scrolls
 e - a scroll of noise {unknown}
 f - 2 scrolls of teleportation {unknown}
 g - a scroll of fog {unknown}
 k - a scroll of magic mapping {unknown}
 m - a scroll of enchant armour {unknown}
 p - a scroll of immolation {unknown}
 q - 2 scrolls of blinking {unknown}
 r - a scroll of vulnerability {unknown}
 t - a scroll of enchant weapon {unknown}
 w - a scroll of brand weapon {unknown}
Potions
 b - 2 potions of heal wounds
 h - 2 potions of magic {unknown}
 j - 2 potions of curing
 l - 5 potions of flight {unknown}
 n - a potion of might
 o - 2 potions of haste {unknown}


   Skills:
 + Level 5.8 Fighting
 * Level 6.7 Polearms
 - Level 2.6 Armour
 - Level 2.6 Shields


You had 6 spell levels left.
You didn't know any spells.
Your spell library contained the following spells:

 Spells                   Type           Power      Damage    Failure   Level
 Sublimation of Blood     Necr           0%         N/A       94%         2
 Inner Flame              Hex/Fire       0%         N/A       99%         3
 Cause Fear               Hex            0%         N/A       100%        4
 Petrify                  Tmut/Erth      0%         N/A       100%        4
 Irradiate                Conj/Tmut      0%         3d13      100%        5
 Discord                  Hex            0%         N/A       100%        8


Dungeon Overview and Level Annotations

Branches:
Dungeon (5/15)
 Temple: D:4-7

Altars:
Elyvilon
Gozag
Kikubaaqudgha
Beogh

Shops:
D:3 [*![[


Innate Abilities, Weirdness & Mutations

You have hoof-like feet.
You are partially covered in slimy green scales. (AC +2)
A weak demonic guardian rushes to your aid.


Message History

Your ufetubus disappears in a puff of smoke!
The gnoll completely misses you.
Your white imp gestures at the gnoll.
The puff of frost hits the gnoll.
Fire: d) +7 hunting sling
Press: ? - help, Shift-Dir - straight line, f/p - gnoll
Aim: a gnoll, wielding a +0 spear (lightly wounded, 69% to hit)
You shoot a sling bullet. The sling bullet hits the gnoll.
The gnoll is moderately wounded.
The gnoll hits you from afar with a +0 spear.
* * * LOW HITPOINT WARNING * * *
The gnoll hits you but does no damage. The phantom hits your white imp.
Your white imp misses the gnoll.
The gnoll hits you but does no damage. The gnoll barely misses you.
The phantom barely misses your white imp.
Your white imp closely misses the gnoll.
Fire: d) +7 hunting sling
Press: ? - help, Shift-Dir - straight line, f/p - gnoll
Aim: a gnoll, wielding a +0 spear (moderately wounded, 69% to hit)
You shoot a sling bullet.
The sling bullet barely misses the gnoll.
You block the gnoll's attack.
The gnoll hits you from afar with a +0 spear.
* * * LOW HITPOINT WARNING * * *
The phantom hits your white imp.
Your white imp hits the gnoll.
Your white imp freezes the gnoll.
You block the gnoll's attack. The gnoll misses you.
The phantom hits your white imp.
Your white imp dies!
Your white imp disappears in a puff of smoke!
Fire: d) +7 hunting sling
Press: ? - help, Shift-Dir - straight line, f - gnoll, p - gnoll
Aim: a gnoll, wielding a +0 spear (grey smoke, almost dead, 69% to hit)
You shoot a sling bullet. The sling bullet hits the gnoll.
The gnoll is almost dead.
The gnoll hits you from afar with a +0 spear.
* * * LOW HITPOINT WARNING * * *
The gnoll hits you from afar with a +0 spear.
* * * LOW HITPOINT WARNING * * *
The gnoll hits you from afar with a +0 spear.
You die...

########## #
#........#.#
#....>)..#.###.
#......@)......
#.....)W......#
#......gg.....#
#..............
#............##
####...##....#
#.#.# ....# #
###.#######
##.###.....#


You could see a phantom and 2 gnolls.

Vanquished Creatures
  A black bear (D:4)
  An ogre (D:5)
  2 phantoms (D:5)
  The ghost of Slyspawn the Poker, an amateur TeBe of Trog (D:3)
  3 scorpions
  3 iguanas
  A gnoll (D:5)
  4 adders
  2 worms (D:3)
  2 dart slugs (D:4)
  17 orcs
  5 endoplasms
  2 giant cockroaches
  7 goblins
  3 hobgoblins
  6 jackals
  A quokka (D:4)
  5 ball pythons
  2 bats
  A frilled lizard (D:2)
  3 kobolds
  2 rats
74 creatures vanquished.

Vanquished Creatures (collateral kills)
  An orc priest (D:4)
  A gnoll (D:5)
  An orc (D:4)
3 creatures vanquished.

Grand Total: 77 creatures vanquished

Notes
Turn   | Place    | Note
-------+----------+-------------------------------------------
     0 | D:1      | Bnni the Demonspawn Fighter began the quest for the Orb.
     0 | D:1      | Reached XP level 1. HP: 18/18 MP: 1/1
   119 | D:1      | Reached skill level 2 in Polearms
   232 | D:1      | Gained mutation: You have large cloven feet. [demonic
                  | ancestry]
   232 | D:1      | Reached XP level 2. HP: 24/24 MP: 2/2
   395 | D:1      | Found a faded altar of an unknown god.
  1079 | D:2      | Reached XP level 3. HP: 29/29 MP: 3/3
  1323 | D:2      | Reached skill level 3 in Polearms
  1832 | D:3      | Found Afeireut's Assorted Antiques.
  1859 | D:3      | Gained mutation: A weak demonic guardian rushes to your
                  | aid. [demonic ancestry]
  1859 | D:3      | Reached XP level 4. HP: 28/37 MP: 4/4
  1938 | D:3      | Found Uhatef's Distillery.
  1943 | D:3      | Bought a potion of heal wounds for 60 gold pieces
  1943 | D:3      | Bought a potion of curing for 36 gold pieces
  2117 | D:3      | Found Inuephor's Antique Armour Shoppe.
  2118 | D:3      | Found Nadoitah's Armour Boutique.
  2258 | D:3      | Found a runed translucent gate.
  2260 | D:3      | Found a runed translucent gate.
  2260 | D:3      | Noticed Slyspawn's ghost (amateur TeBe)
  2261 | D:3      | Found a runed translucent gate.
  2401 | D:3      | Found Ovatsenn's Armour Shop.
  2568 | D:3      | Killed Slyspawn's ghost
  2569 | D:3      | Reached skill level 4 in Polearms
  2569 | D:3      | Reached XP level 5. HP: 27/42 MP: 5/5
  2939 | D:4      | Gained mutation: You are partially covered in slimy green
                  | scales. (AC +2) [demonic ancestry]
  2939 | D:4      | Reached XP level 6. HP: 42/49 MP: 6/6
  3167 | D:4      | Reached skill level 5 in Polearms
  3170 | D:4      | Reached skill level 5 in Fighting
  3587 | D:4      | Found an ancient bone altar of Kikubaaqudgha.
  3673 | D:5      | Entered Level 5 of the Dungeon
  3697 | D:5      | Gained mutation: You have hoof-like feet. [demonic
                  | ancestry]
  3697 | D:5      | Reached XP level 7. HP: 52/56 MP: 7/7
  3788 | D:5      | Reached skill level 6 in Polearms
  3924 | D:5      | Found an opulent altar of Gozag.
  4314 | D:5      | Slain by a gnoll

Illustrated notes

Levels and vault maps discovered:
D:1:      nicolae_arrival_washed_ashore, layout_loops_ring,
          chequers_ecumenical_altar_island, minmay_misc_feat_pillars
D:2:      layout_basic, chequers_arboretum, corexii_leaking_fountain
D:3:      layout_basic, biasface_ghost_orc_armoury, serial_shops,
          nicolae_shop_hallway_stairs, shop, shop, nicolae_shop_stone,
          nicolae_shop_trees
D:4:      layout_cave_pools, mainiacjoe_overflow_brackets,
          mainiacjoe_overflow_catwalk
D:5:      layout_rooms, overflow_temple_1_default, zin_purify,
          interstate_on_off, chequers_serial_rivers_small_3,
          lexackson_kobold_supper, uniq_prince_ribbit1

Skill      XL: |  1  2  3  4  5  6  7 |
---------------+----------------------+-----
Polearms       | 2 3 4 5 6 |  6.7
Fighting       | 4 5 |  5.8
Armour         | |  2.6
Shields        | |  2.6

Action                   |  1- 3 |  4- 6 |  7- 9 || total
-------------------------+-------+-------+-------++-------
Melee: Trident           |   107 |    38 |       ||   145
 Fire: Hunting sling     |       |    72 |    53 ||   125
  Use: Potion            |       |     1 |     1 ||     2
Armor: Scale mail        |    13 |    28 |    51 ||    92
       Plate armour      |    47 |    20 |       ||    67
Dodge: Dodged            |    18 |    36 |    32 ||    86
Block: Buckler           |    16 |    24 |    16 ||    56

Table legend: (Time is in decaauts)
 A = Elapsed time spent in this place.
 B = Non-inter-level travel time spent in this place.
 C = Inter-level travel time spent in this place.
 D = Time resting spent in this place.
 E = Time spent auto-exploring this place.
 F = Levels seen in this place.
 G = Mean time per level.
                   A        B        C        D        E       F      G
               +--------+--------+--------+--------+--------+-----+--------+
         Total |   4434 |   4317 |    117 |    258 |   3372 |   5 |  886.8 |
       Dungeon |   4434 |   4317 |    117 |    258 |   3372 |   5 |  886.8 |
               +--------+--------+--------+--------+--------+-----+--------+

Top non-repeatable levels by time:
     D:2: 1032 daAuts
     D:4: 1000 daAuts
     D:3: 944 daAuts
     D:1: 774 daAuts
     D:5: 682 daAuts
